 Dungeon Crawl Stone Soup version 0.30.1-3-gfc49f6343a (webtiles) character file.

Game seed: 7355934874086372681

84 CaptainMV the Magician (level 4, 0/32 HPs)
             Began as a Demonspawn Wanderer on Aug 7, 2023.
             Slain by Crazy Yiuf
             ... wielding a +4 quarterstaff of chaos
              (1 damage)
             ... on level 2 of the Dungeon.
             The game lasted 00:09:24 (1115 turns).

CaptainMV the Magician (Demonspawn Wanderer)        Turns: 1115, Time: 00:09:28

Health: 0/32       AC:  3    Str:  9    XL:     4   Next: 24%
Magic:  10/10      EV: 15    Int: 16    God:
Gold:   79         SH:  0    Dex: 15    Spells: 11/12 levels left

rFire   . . .        a - +0 dagger
rCold   . . .        (no shield)
rNeg    . . .        c - +0 robe
rPois   .            (no helmet)
rElec   .            (no cloak)
rCorr   .            d - +0 pair of gloves
SInv    +            (no boots)
Will    .....        (no amulet)
Stlth   ++           h - ring of see invisible
HPRegen 0.25/turn    (no ring)
MPRegen 0.12/turn

%: no passive effects
@: no status effects
A: repulsion field 2, demonic magic 1
a: no special abilities


You were on level 2 of the Dungeon.
You visited 1 branch of the dungeon, and saw 2 of its levels.

You collected 79 gold pieces.

Inventory:

Hand Weapons
 a - a +0 dagger (weapon)
Armour
 c - a +0 robe (worn)
 d - a +0 pair of gloves (worn)
Jewellery
 h - a ring of see invisible (left hand)
Scrolls
 f - a scroll of immolation
 i - a scroll of teleportation
Potions
 b - 2 potions of might
 e - a potion of brilliance
 g - a potion of degeneration {unknown}
 j - a potion of flight {unknown}
 k - a potion of mutation {unknown}


   Skills:
 + Level 1.2 Fighting
 + Level 0.2 Short Blades
 + Level 1.0 Throwing
 + Level 1.2 Dodging
 + Level 1.1 Stealth
 + Level 4.9 Spellcasting
 + Level 2.6 Ice Magic


You had 11 spell levels left.
You knew the following spells:

 Your Spells              Type           Power      Damage    Failure   Level
a - Freeze                Ice            48%        1d6       5%          1

Your spell library contained the following spells:

 Spells                   Type           Power      Damage    Failure   Level
 Sandblast                Erth           6%         2d5       16%         1
 Ozocubu's Armour         Ice            12%        N/A       16%         3
 Sublimation of Blood     Necr           3%         N/A       24%         2
 Portal Projectile        Hex/Tloc       6%         N/A       43%         3
 Stone Arrow              Conj/Erth      6%         3d7       43%         3
 Tukima's Dance           Hex            3%         N/A       43%         3
 Vhi's Electric Charge    Tloc/Air       6%         N/A       43%         3
 Summon Ice Beast         Ice/Summ       8%         N/A       65%         4
 Petrify                  Tmut/Erth      3%         N/A       83%         4
 Arcjolt                  Conj/Air       1%         1d11      99%         5
 Blade Hands              Tmut           1%         N/A       99%         5
 Irradiate                Conj/Tmut      1%         3d12      99%         5
 Plasma Beam              Fire/Air       1%         2x1d12    100%        6


Dungeon Overview and Level Annotations

Branches:
Dungeon (2/15)

Altars:

Annotations:
D:2 Crazy Yiuf


Innate Abilities, Weirdness & Mutations

You are surrounded by a moderate repulsion field. (EV +3)
Spells you cast may paralyse adjacent enemies.


Message History

Confirm with . or Enter, or press ? or * to list all spells.
Aiming: Freeze (safe; 5% risk of failure)
Press: ? - help, Shift-Dir - straight line, f - ball python
Aim: a ball python You freeze the ball python.
You kill the ball python!
Malevolent energies surge around you.
Found a mace.
You see here a +0 mace.
Found a potion of might.
b - 2 potions of might (gained 1)
You see here a +0 mace.
There is an escape hatch in the floor here.
Found an inky potion.
k - an inky potion
Found a hammer.
Found a runed translucent door.
You open the door. You hit Crazy Yiuf.
Crazy Yiuf is lightly wounded.
Crazy Yiuf says, "Scoff illywillydillykilly cloud!"
Crazy Yiuf hits you with a +4 quarterstaff of chaos!
Crazy Yiuf freezes you.
You hit Crazy Yiuf but do no damage.
Crazy Yiuf is lightly wounded.
Crazy Yiuf hits you with a +4 quarterstaff of chaos.
Crazy Yiuf burns you.
You closely miss Crazy Yiuf.
Crazy Yiuf is lightly wounded.
Crazy Yiuf closely misses you.
You closely miss Crazy Yiuf.
Crazy Yiuf is lightly wounded.
Crazy Yiuf laughs, "Shower chair song!"
Crazy Yiuf misses you.
You hit Crazy Yiuf but do no damage.
Crazy Yiuf is lightly wounded.
Crazy Yiuf hits you with a +4 quarterstaff of chaos!
Ouch! That really hurt!
* * * LOW HITPOINT WARNING * * *
Crazy Yiuf freezes you.
You die...

#.......#####..##
#..........
#.......# #....#
#..........
#.......# ♣P..P♣
#......†...
#.......# ♣♣PP.♣
#..........
#.......# ♣♣.♣♣
#..........
#.......# ♣♣.♣
#..........
######### ♣.♣♣
########### ♣♣.♣
♣@♣♣ #g# ...
#...# #)..# #####


You could see Crazy Yiuf.

Vanquished Creatures
  Terence (D:2)
  2 adders (D:2)
  A worm (D:2)
  2 dart slugs (D:1)
  2 endoplasms (D:1)
  2 giant cockroaches
  A goblin (D:2)
  3 hobgoblins
  A quokka (D:2)
  9 ball pythons
  A frilled lizard (D:1)
  8 kobolds
  4 rats
37 creatures vanquished.

Notes
Turn   | Place    | Note
-------+----------+-------------------------------------------
     0 | D:1      | CaptainMV the Demonspawn Wanderer began the quest for the
                  | Orb.
     0 | D:1      | CaptainMV set off with the following items: a +0 dagger, a
                  | potion of might, a +0 robe, a +0 pair of gloves; and the
                  | following spells available to memorise: Freeze, Sandblast,
                  | Ozocubu's Armour, Stone Arrow, Summon Ice Beast.
     0 | D:1      | Reached XP level 1. HP: 15/15 MP: 5/5
     2 | D:1      | Learned a level 1 spell: Freeze
   120 | D:1      | Gained mutation: You are surrounded by a mild repulsion
                  | field. (EV +2) [demonic ancestry]
   120 | D:1      | Reached XP level 2. HP: 20/21 MP: 2/7
   560 | D:2      | Gained mutation: You are surrounded by a moderate repulsion
                  | field. (EV +3) [demonic ancestry]
   560 | D:2      | Reached XP level 3. HP: 22/26 MP: 1/9
   930 | D:2      | Noticed Terence
   943 | D:2      | Killed Terence
   944 | D:2      | Gained mutation: Spells you cast may paralyse adjacent
                  | enemies. [demonic ancestry]
   944 | D:2      | Reached XP level 4. HP: 21/32 MP: 2/10
  1106 | D:2      | Found a runed translucent door.
  1107 | D:2      | Noticed Crazy Yiuf
  1115 | D:2      | HP: 1/32 [Crazy Yiuf/+4 quarterstaff of chaos (16)]
  1115 | D:2      | Slain by Crazy Yiuf

Illustrated notes

Levels and vault maps discovered:
D:1:      dpeg_arrival_orchard, layout_basic, st_stairs_11
D:2:      layout_basic, chequers_jeans, nicolae_underground_beach, uniq_terence,
          uniq_crazy_yiuf_cottage

Skill      XL: |  1  2 |
---------------+-------+-----
Ice Magic      | 2 |  2.6
Fighting       | |  1.2
Short Blades   | |  0.2
Throwing       | |  1.0
Dodging        | |  1.2
Stealth        | |  1.1
Spellcasting   | |  4.9

Action                     |  1- 3 |  4- 6 || total
---------------------------+-------+-------++-------
  Melee: Dagger            |    60 |     5 ||    65
   Cast: Freeze            |    56 |     4 ||    60
    Use: Scroll            |     5 |     1 ||     6
   Stab: Sleeping          |     2 |       ||     2
 Armour: Robe              |    15 |       ||    15
  Dodge: Dodged            |    66 |     4 ||    70
